 Dungeon Crawl Stone Soup version 0.30-a0-29-g142975f185 (webtiles) character file.

Game seed: 17136724772083036929

2677 nono the Trooper (level 9, -1/84 HPs)
             Began as a Palentonga Fighter on Aug 26, 2022.
             Was a Priest of Okawaru.
             Slain by a kobold
             ... wielding a +0 club
              (3 damage)
             ... on level 7 of the Dungeon.
             The game lasted 00:14:03 (6848 turns).

nono the Trooper (Palentonga Fighter)               Turns: 6848, Time: 00:14:04

Health: -1/84      AC: 17    Str: 26    XL:     9   Next: 37%
Magic:  2/9        EV:  9    Int: 15    God:    Okawaru [***...]
Gold:   442        SH:  5    Dex:  8    Spells: 8/8 levels left

rFire   . . .      SeeInvis +    B - +5 war axe "Usavi" {vamp, Int+3}
rCold   + . .      Faith    .    c - +0 buckler
rNeg    . . .      Spirit   .    D - +2 robe {rC+}
rPois   .          Reflect  .    n - +0 helmet
rElec   .          Harm     .    k - +0 cloak
rCorr   .          Rampage  .    g - +0 pair of gloves
Will    .....                    (no barding)
Stlth   +.........               (no amulet)
HPRegen 0.24/turn                (no ring)
MPRegen 0.11/turn                (no ring)

@: slowed, curled up, very slow
A: large, rugged brown scales 3, see invisible, deformed body, roll 1, armoured
tail, reflexive curl, clever 1, robust 1
a: Rolling Charge, Renounce Religion, Heroism


You were on level 7 of the Dungeon.
You worshipped Okawaru.
Okawaru was most pleased with you.
You visited 2 branches of the dungeon, and saw 8 of its levels.
You also visited: Sewer.

You collected 442 gold pieces.

Inventory:

Hand Weapons
 a - a +1 war axe
 j - a +0 club
 o - a +3 dagger of distortion
 B - the +5 war axe "Usavi" (weapon) {vamp, Int+3}
   (You found it on level 5 of the Dungeon)

   It occasionally heals its wielder for a portion of the damage dealt when it
   wounds a living foe.
   Int:       It affects your intelligence (+3).
Missiles
 f - a throwing net
Armour
 b - a +0 scale mail
 c - a +0 buckler (worn)
 g - a +0 pair of gloves (worn)
 k - a +0 cloak (worn)
 n - a +0 helmet (worn)
 t - a +0 chain mail
 y - a +0 plate armour
 D - a +2 robe of cold resistance (worn)
Jewellery
 q - a ring of magical power
 C - a ring of ice
Wands
 l - a wand of roots (5)
 p - a wand of polymorph (9)
Scrolls
 d - a scroll of enchant weapon
 e - 6 scrolls of identify
 h - 2 scrolls of teleportation {unknown}
 i - 3 scrolls of magic mapping
 u - a scroll of vulnerability {unknown}
 v - a scroll of torment
 w - a scroll of acquirement {unknown}
 z - 2 scrolls of noise
 A - a scroll of blinking {unknown}
 G - a scroll of fear {unknown}
Potions
 m - a potion of degeneration {unknown}
 r - 2 potions of mutation
 s - 3 potions of curing {unknown}
 E - a potion of cancellation {unknown}
 F - a potion of ambrosia {unknown}


   Skills:
 + Level 7.1 Fighting
 + Level 6.7 Axes
 + Level 5.9 Armour
 + Level 6.4 Shields


You had 8 spell levels left.
You didn't know any spells.
Your spell library contained the following spells:

 Spells                   Type           Power      Damage    Failure   Level
 Magic Dart               Conj           0%         1d3       32%         1
 Searing Ray              Conj           0%         2d4       43%         2
 Ignite Poison            Fire/Tmut/Pois 0%         N/A       67%         3
 Mephitic Cloud           Conj/Pois/Air  0%         N/A       67%         3
 Fulminant Prism          Conj/Hex       0%         3d6       97%         4
 Freezing Cloud           Conj/Ice/Air   0%         6-21      100%        5


Dungeon Overview and Level Annotations

Branches:
Dungeon (7/15)             Temple (1/1) D:5           Sewer (visited)

Altars:
Elyvilon
Kikubaaqudgha
Okawaru
Qazlal
Uskayaw


Innate Abilities, Weirdness & Mutations

You are completely covered in rugged brown scales. (AC +3, +7% HP)
You have supernaturally acute eyesight. (SInv)
Armour fits poorly on your strangely shaped body.
You can roll at nearby foes to attack.
You have a long armoured tail.
You curl defensively after being hit. (AC +7*)
Your mind is acute. (Int +4, Str/Dex -1)
You are robust. (+10% HP)


Message History

The kobold hits you but does no damage.
You can move again.
As you read the scroll labelled MASAIHU ZECHEC, it crumbles to dust.
You hear a loud clanging noise!
It was a scroll of noise.
The orc sorcerer points at you and mumbles some strange words.
You shrug off the repeated paralysis!
The kobold hits you but does no damage.
The hellwing hits you. x2; The kobold brigand barely misses you.
The kobold barely misses you.
The orc sorcerer hits you but does no damage.
The kobold barely misses you. The hellwing hits you.
The hellwing hits you but does no damage.
Okay, then.
As you read the scroll labelled ILUOTS KOORAHA, it crumbles to dust.
Your body is wracked with pain!
* * * LOW HITPOINT WARNING * * *
The kobold brigand convulses!
The kobold convulses!
The orc sorcerer convulses!
The kobold convulses!
It was a scroll of torment.
The kobold brigand closely misses you. The kobold hits you but does no damage.
The orc sorcerer casts a spell at you.
You shrug off the repeated paralysis!
The kobold closely misses you. The hellwing hits you!
* * * LOW HITPOINT WARNING * * *
You block the hellwing's attack. The kobold hits you but does no damage.
You block the kobold brigand's attack.
Unknown command.
As you read the scroll labelled GOTTOA XIFIGH, it crumbles to dust.
It is a scroll of enchant weapon.
Your +0 war axe glows red for a moment.
The hellwing disappears in a puff of smoke!
The orc sorcerer splashes around in the water.
The kobold hits you but does no damage. x2
The kobold brigand hits you but does no damage.
The kobold hits you but does no damage.
The orc sorcerer hits you but does no damage.
It was a potion of mutation.
You feel extremely strange.
You feel robust.
You feel clever.
The kobold brigand hits you but does no damage.
The kobold hits you but does no damage. The kobold hits you with a +0 club.
You die...

,,,*,,,,,*******####..*##,,**,,*
,,,*,,,,,* ##....,...,,,*,,*
,,,*,,,,,* #..≈≈~≈≈≈~,,,*,,*
,,,*,,,,,* #.≈≈*#.##~~,,*,,*
,,,*,,,,,* #.≈##[..##~,,,,,**
,,,*,,,,,* ##.~#.....#~,,,,,,,
,,,*,,,,,* #KK........,,,*,>,,
*,**,,,,,* ##KKo#...[.*~,***,,,
,,,,,*########?K@≈#*,..#*~,*
*,,,
,,,,,*#........#§≈≈#*,*#~~,*
*,,,
,,,,,*#....#####..≈≈≈≈~~~,,*
*,,, ,,,,,*#....# ##.......,,**
*,,, *,****#....# #######..##***
*,,, *,* #....# #.......## *,,,
*,*####....###...#***# *,,,
*,,..............# *,,,
***####....###...# ****


You could see an orc sorcerer, a kobold brigand and 4 kobolds.

Vanquished Creatures
  Pikel (D:5)
  Duvessa (D:5)
  Pargi (Sewer)
  2 ice beasts
  2 sky beasts (D:6)
  A black bear (D:4)
  An ogre (D:5)
  A centaur (D:6)
  A scorpion (D:4)
  A necrophage (D:7)
  4 wights (D:6)
  Dowan (D:5)
  A howler monkey (D:4)
  2 hounds
  3 orc priests
  Jessica (D:2)
  7 iguanas
  8 orc wizards
  Robin (D:3)
  3 gnolls (D:4)
  8 adders
  11 river rats
  2 ufetubi
  A worm (D:2)
  A dart slug (D:1)
  34 orcs
  2 ball pythons
  9 endoplasms
  3 giant cockroaches
  18 goblins
  11 hobgoblins
  5 jackals
  11 quokkas
  5 bats
  4 frilled lizards
  9 kobolds
  28 rats
205 creatures vanquished.

Notes
Turn   | Place    | Note
-------+----------+-------------------------------------------
     0 | D:1      | nono the Palentonga Fighter began the quest for the Orb.
     0 | D:1      | Reached XP level 1. HP: 19/19 MP: 1/1
   237 | D:1      | Reached XP level 2. HP: 13/25 MP: 2/2
   584 | D:1      | Reached XP level 3. HP: 19/31 MP: 3/3
  1407 | D:2      | Noticed Jessica
  1412 | D:2      | Killed Jessica
  1413 | D:2      | Reached XP level 4. HP: 38/38 MP: 4/4
  1731 | D:2      | Found a faded altar of an unknown god.
  2077 | D:3      | Noticed Robin
  2108 | D:3      | Reached XP level 5. HP: 30/44 MP: 5/5
  2139 | D:3      | Killed Robin
  2430 | D:3      | Found a glowing drain.
  2465 | D:3      | Reached skill level 4 in Fighting
  2468 | Sewer    | Entered a sewer
  2629 | Sewer    | Noticed Pargi
  2641 | Sewer    | Killed Pargi
  2642 | Sewer    | Reached XP level 6. HP: 26/51 MP: 6/6
  3582 | D:4      | Found a stormy altar of Qazlal.
  3993 | D:4      | Gained mutation: You curl defensively after being hit. (AC
                  | +7*) [Palentonga growth]
  3993 | D:4      | Reached XP level 7. HP: 28/58 MP: 7/7
  4468 | D:4      | Reached skill level 5 in Fighting
  4854 | D:5      | Entered Level 5 of the Dungeon
  4936 | D:5      | Identified the +5 war axe "Usavi" {vamp, Int+3}
  5084 | D:5      | Found a staircase to the Ecumenical Temple.
  5096 | Temple   | Entered the Ecumenical Temple
  5119 | Temple   | Became a worshipper of Warmaster Okawaru
  5356 | D:5      | Noticed Duvessa
  5356 | D:5      | Noticed Dowan
  5357 | D:5      | Noticed Pikel
  5362 | D:5      | Killed Duvessa
  5363 | D:5      | Reached skill level 5 in Axes
  5363 | D:5      | Reached skill level 5 in Shields
  5363 | D:5      | Reached XP level 8. HP: 46/67 MP: 8/8
  5366 | D:5      | Killed Dowan
  5382 | D:5      | Killed Pikel
  5382 | D:5      | Reached * piety under Okawaru
  5383 | D:5      | Reached skill level 6 in Fighting
  5383 | D:5      | Reached skill level 5 in Armour
  5829 | D:6      | Reached ** piety under Okawaru
  5855 | D:6      | Reached XP level 9. HP: 62/74 MP: 9/9
  6542 | D:6      | Reached skill level 7 in Fighting
  6669 | D:6      | Reached *** piety under Okawaru
  6822 | D:7      | Noticed an orc sorcerer
  6835 | D:7      | Noticed a hellwing
  6840 | D:7      | HP: 1/77 [orc sorcerer/bolt of fire (7)]
  6843 | D:7      | Paralysed by an orc sorcerer for 2 turns
  6846 | D:7      | HP: 1/77 [hellwing[an orc sorcerer] (13)]
  6848 | D:7      | Gained mutation: You are robust. (+10% HP) [potion of
                  | mutation]
  6848 | D:7      | Gained mutation: Your mind is acute. (Int +4, Str/Dex -1)
                  | [potion of mutation]
  6848 | D:7      | Slain by a kobold

Illustrated notes

Levels and vault maps discovered:
D:1:      psy_arrival_spokes, layout_rooms, minmay_tromino_v2
D:2:      layout_loops_ring, hellmonk_ecumenical_altar_run_dry, serial_forest,
          infiniplex_forest_lined_room_3, infiniplex_forest_straight_3,
          infiniplex_forest_clump_diagonal, infiniplex_forest_corner_2,
          infiniplex_forest_lined_room_2, infiniplex_forest_side_room,
          infiniplex_forest_lined_3, infiniplex_forest_clump_curved,
          uniq_jessica
D:3:      layout_basic, portal_sewer_entry_c, uniq_robin
D:4:      layout_basic, nicolae_overflow_crystal_walls
D:5:      layout_loops_cross, minmay_temple_entry_offerings, uniq_duvessa,
          uniq_pikel
D:6:      lemuel_ratsnest, layout_cave_pools, lightli_orcish_oven
D:7:      cheibrodos_wizards_tower, layout_basic,
          mainiacjoe_overflow_small_starburst, ebering_ghost_rock_garden,
          uniq_maggie
Temple:   bh_familiar_temple

Skill      XL: |  1  2  3  4  5  6  7  8  9 |
---------------+----------------------------+-----
Shields        | 3 4 5 6 |  6.4
Armour         | 3 4 5 |  5.9
Axes           | 3 4 5 6 |  6.7
Fighting       | 4 5 6 7 |  7.1

Action                   |  1- 3 |  4- 6 |  7- 9 || total
-------------------------+-------+-------+-------++-------
Melee: War axe           |    91 |   167 |   220 ||   478
       Tailslap          |     7 |    14 |    20 ||    41
       Unarmed           |       |    13 |    12 ||    25
       Club              |       |     3 |       ||     3
Invok: Heroism           |       |       |     2 ||     2
  Use: Potion            |       |     2 |     7 ||     9
       Scroll            |       |       |     5 ||     5
Armor: Scale mail        |    54 |    77 |       ||   131
       Skin              |       |    25 |     3 ||    28
       Plate armour      |       |    27 |    95 ||   122
       Chain mail        |       |    25 |       ||    25
       Robe              |       |       |   100 ||   100
Dodge: Dodged            |    44 |    66 |   125 ||   235
Block: Buckler           |    30 |    51 |    64 ||   145

Table legend: (Time is in decaauts)
 A = Elapsed time spent in this place.
 B = Non-inter-level travel time spent in this place.
 C = Inter-level travel time spent in this place.
 D = Time resting spent in this place.
 E = Time spent auto-exploring this place.
 F = Levels seen in this place.
 G = Mean time per level.
                   A        B        C        D        E       F      G
               +--------+--------+--------+--------+--------+-----+--------+
         Total |   7015 |   6731 |    284 |    106 |   5069 |   9 |  779.4 |
       Dungeon |   6594 |   6310 |    284 |      0 |   4881 |   7 |  942.0 |
        Temple |     38 |     38 |      0 |      0 |      0 |   1 |   38.0 |
         Sewer |    381 |    381 |      0 |    106 |    188 |   1 |  381.0 |
               +--------+--------+--------+--------+--------+-----+--------+

Top non-repeatable levels by time:
     D:4: 1414 daAuts
     D:3: 1212 daAuts
     D:1: 1107 daAuts
     D:6: 995 daAuts
     D:2: 939 daAuts
     D:5: 865 daAuts
   Sewer: 381 daAuts
     D:7: 60 daAuts
  Temple: 38 daAuts
